 Dungeon Sprint DCSS version 0.31-a0-408-gb642c7f9a3 (webtiles) character file.

Game seed: 17027660264281622484

2305 rocky1 the Brawler (level 9, -1/98 HPs)
             Began as a Troll Shapeshifter on July 30, 2023.
             Was an Initiate of Gozag.
             Slain by a deep troll (4 damage)
             ... in the Dungeon (Sprint VII: "The Pits").
             The game lasted 00:04:51 (722 turns).

rocky1 the Brawler (Troll Shapeshifter)              Turns: 722, Time: 00:04:52

Health: -1/98      AC:  4    Str: 27    XL:     9   Next: 18%
Magic:  8/8        EV: 10    Int:  9    God:    Gozag
Gold:   442        SH:  0    Dex: 13    Spells: 8/8 levels left

rFire   . .          .
                       - Unarmed
rCold   . . .        (no shield)
rNeg    . . .        a - +0 animal skin
rPois   .            (helmet currently unavailable)
rElec   .            (cloak currently unavailable)
rCorr   .            (gloves unavailable)
SInv    .            (boots unavailable)
Will    .....        (no amulet)
Stlth   +            k - +3 ring of dexterity
HPRegen 1.16/turn    h - +3 ring of intelligence
MPRegen 0.11/turn

%: no teleportation
@: mighty, brilliant, beast-form, spiked, on berserk cooldown, hasted and
slowed, invisible
A: beast (slay +6), large, unfitting armour, claws 3, regeneration 1, shaggy fur
1, tough skin 1
a: Begin Untransformation, Renounce Religion, Potion Petition, Call Merchant,
Bribe Branch


You were in the Dungeon.
You worshipped Gozag.
Gozag was aware of your devotion.
You were a hulking beast.
You visited 1 branch You collected 1791 gold pieces.
You paid 1349 gold pieces to Gozag.

Inventory:

Armour
 a - a +0 animal skin (worn)
 j - a +0 cloak
Jewellery
 h - a +3 ring of intelligence (right claw)
 k - a +3 ring of dexterity (left claw)
Talismans
 c - a beast talisman
Scrolls
 o - 5 scrolls of amnesia
Potions
 b - a potion of lignification
 d - 7 potions of curing
 e - 5 potions of heal wounds
 f - 2 potions of haste
 g - 4 potions of magic
 l - 2 potions of berserk rage
 m - a potion of might
 n - 2 potions of invisibility


   Skills:
 + Level 9.0 Fighting
 - Level 1.5 Dodging
 * Level 15.0 Unarmed Combat
 + Level 9.5 Shapeshifting


You had 8 spell levels left.
You didn't know any spells.
Your spell library was empty.

Dungeon Overview and Level Annotations

Branches:
Dungeon (1/1)

Altars:
Ashenzari
Cheibriados
Dithmenos
Elyvilon
Fedhas
Gozag
Hepliaklqana
Kikubaaqudgha
Makhleb
Nemelex Xobeh
Okawaru
Qazlal
Ru
Sif Muna
Trog
Uskayaw
Vehumet
Wu Jian
Xom
Yredelemnul
Zin
The Shining One
Jiyva
Lugonu


Innate Abilities, Weirdness & Mutations

You are a hulking beast.
Your limbs bulge with bestial killing power. (Slay +6)
You are too large for most types of armour.
You have claws for hands.
Your natural rate of healing is unusually fast.
You are covered in fur. (AC +1)
You have tough skin. (AC +1)


Message History

The deep troll barely misses your small abomination.
The deep troll closely misses your small abomination.
The deep troll claws your small abomination!
Your small abomination is destroyed!
Your small abomination dissolves into shadows!
The red devil hits you with a +0 trident!!
* * * LOW HITPOINT WARNING * * *
Barbed spikes become lodged in your body.
The smoke demon gestures at you. Something smites you!
* * * LOW HITPOINT WARNING * * *
The red devil hits you with a +0 trident!
* * * LOW HITPOINT WARNING * * *
Barbed spikes become lodged in your body.
The gnoll bouda barks out a call to the hunt!
The gnoll picks up the pace! [a] - 400 gold - heal wounds, curing and magic [b] - 250 gold - resistance [c] - 600 gold - resistance, might and haste Purchase which effect?
You feel much better.
You feel better. Magic courses through your body.
The deep troll completely misses you. x2
The deep troll claws you but does no damage.
The red devil hits you but does no damage. [a] - 480 gold - heal wounds, curing and magic [b] - 252 gold - brilliance and magic [c] - 624 gold - invisibility, might, haste and brilliance Purchase which effect?
You no longer have enough gold to fund merchants seeking to open stores in the dungeon.
You fade into invisibility!
You feel very mighty all of a sudden.
You feel yourself speed up.
You feel clever all of a sudden. The deep troll bites you.
The deep troll claws you! x2
* * * LOW HITPOINT WARNING * * *
The red devil hits you with a +0 trident!
* * * LOW HITPOINT WARNING * * *
Barbed spikes become lodged in your body.
The deep troll bites you.
You die...
Your body crumbles into a pile of gold.

_____.# _____.#
___...###########++######
#####'##................#
')))'.##......#..#......#
#####.##)...............+
.......))...............+
##'#####).....#..#......#
#.)...##........hTo.....#
#####'#####'#####4g######
#.....##.......##og#####
#.....##.......##.3....+ +
###'####.......##......+ .+
#.....##...<...##.....##..#
......##.......##...###g...
......##.......##..##4.....
########.......##'$#$3.#..#


You could see an orc high priest (unable to see you), a deep troll, a smoke
demon (unable to see you), a red devil (unable to see you), a gnoll bouda
(unable to see you), a gnoll (swift, unable to see you) and an orc (unable to
see you).

Vanquished Creatures
  A boulder beetle (D)
  A jumping spider (D)
  2 fire bats (D)
  2 wargs (D)
  Edmund (D)
  3 orc warriors (D)
  A phantom (D)
  A necrophage (D)
  A scorpion (D)
  5 wights (D)
  Crazy Yiuf (D)
  A hound (D)
  An orc priest (D)
  An orc wizard (D)
  5 gnolls (D)
  A white imp (D)
  2 adder skeletons (D)
  2 orcs (D)
  2 hobgoblins (D)
  4 jackals (D)
  A quokka (D)
  2 ball pythons (D)
  A frilled lizard (D)
  A kobold (D)
  A rat (D)
44 creatures vanquished.

Notes
Turn   | Place    | Note
-------+----------+-------------------------------------------
     0 | D        | rocky1 the Troll Shapeshifter began the quest for the Orb.
     0 | D        | Reached XP level 1. HP: 18/18 MP: 0/0
    15 | D        | Reached skill level 1 in Fighting
    19 | D        | Found a bloodstained altar of Trog.
    19 | D        | Found a shimmering blue altar of Sif Muna.
    19 | D        | Found a viscous altar of Jiyva.
    19 | D        | Found a hazy altar of Hepliaklqana.
    19 | D        | Found an opulent altar of Gozag.
    20 | D        | Found a glowing golden altar of the Shining One.
    20 | D        | Found a glowing silver altar of Zin.
    20 | D        | Found a basalt altar of Yredelemnul.
    20 | D        | Found a shimmering altar of Xom.
    20 | D        | Found an ornate altar of the Wu Jian Council.
    20 | D        | Found a sacrificial altar of Ru.
    20 | D        | Found a stormy altar of Qazlal.
    20 | D        | Found an iron altar of Okawaru.
    20 | D        | Found a sparkling altar of Nemelex Xobeh.
    20 | D        | Found a burning altar of Makhleb.
    20 | D        | Found a blossoming altar of Fedhas.
    20 | D        | Found a white marble altar of Elyvilon.
    20 | D        | Found a shadowy altar of Dithmenos.
    20 | D        | Found a snail-covered altar of Cheibriados.
    22 | D        | Found a radiant altar of Vehumet.
    22 | D        | Found a corrupted altar of Lugonu.
    23 | D        | Found a hide-covered altar of Uskayaw.
    23 | D        | Found an ancient bone altar of Kikubaaqudgha.
    23 | D        | Found a broken altar of Ashenzari.
    27 | D        | Became a worshipper of Gozag Ym Sagoz the Greedy
    42 | D        | Reached skill level 4 in Unarmed Combat
    42 | D        | Reached XP level 2. HP: 19/28 MP: 1/1
    78 | D        | Noticed a scorpion
    78 | D        | Noticed a fire bat
    93 | D        | Killed a scorpion
    94 | D        | Reached skill level 6 in Unarmed Combat
    94 | D        | Reached XP level 3. HP: 15/37 MP: 2/2
    94 | D        | Reached XP level 4. HP: 18/45 MP: 3/3
    95 | D        | Killed a fire bat
    96 | D        | Reached skill level 8 in Unarmed Combat
    96 | D        | Reached skill level 5 in Shapeshifting
    96 | D        | Reached XP level 5. HP: 44/55 MP: 4/4
   146 | D        | Noticed Crazy Yiuf
   147 | D        | Noticed a fire bat
   149 | D        | Noticed Edmund
   156 | D        | Killed Crazy Yiuf
   157 | D        | Reached skill level 5 in Fighting
   157 | D        | Reached skill level 9 in Unarmed Combat
   159 | D        | Reached XP level 6. HP: 38/66 MP: 5/5
   161 | D        | Killed a fire bat
   162 | D        | Reached skill level 10 in Unarmed Combat
   165 | D        | Killed Edmund
   166 | D        | Reached skill level 11 in Unarmed Combat
   166 | D        | Reached XP level 7. HP: 19/75 MP: 6/6
   236 | D        | Noticed a jumping spider
   243 | D        | Killed a jumping spider
   277 | D        | Reached skill level 12 in Unarmed Combat
   336 | D        | Noticed a boulder beetle
   353 | D        | Killed a boulder beetle
   354 | D        | Reached skill level 13 in Unarmed Combat
   354 | D        | Reached XP level 8. HP: 56/88 MP: 7/7
   522 | D        | Reached skill level 14 in Unarmed Combat
   685 | D        | Noticed a red devil
   692 | D        | Reached XP level 9. HP: 87/97 MP: 8/8
   692 | D        | Noticed a smoke demon
   700 | D        | Noticed an orc high priest
   700 | D        | Noticed a deep troll
   702 | D        | Reached skill level 15 in Unarmed Combat
   720 | D        | HP: 3/98 [red devil/+0 trident (8)]
   722 | D        | Slain by a deep troll

Illustrated notes

Levels and vault maps discovered:
D:        pitsprint [storerooms_1, entrance_room_1, metal_vault_4, armoury_1,
          mini_pit_1, grid_room_1, main_hall_1, silver_pit, the_coven_1,
          the_vestibule_1, steel_vault_5, golden_pit, hallway_of_sentries,
          crystal_vault_4, iron_vault_4, final_vault]

Skill      XL: |  1  2  3  4  5  6  7  8  9 |
---------------+----------------------------+-----
Fighting       | 1 3 4 5 6 8 9 |  9.0
Unarmed Combat | 4 6 8 9 11 13 14 15 | 15.0
Shapeshifting  | 4 5 6 7 8 9 |  9.5
Dodging        | |  1.5

Action                     |  1- 3 |  4- 6 |  7- 9 || total
---------------------------+-------+-------+-------++-------
  Melee: Unarmed           |    28 |    14 |    62 ||   104
         Punch             |     1 |       |     4 ||     5
 Invoke: Potion Petition   |       |       |     3 ||     3
    Use: Potion            |       |     2 |     8 ||    10
         Scroll            |       |       |     2 ||     2
 Armour: Animal skin       |    13 |     3 |     9 ||    25
  Dodge: Dodged            |    12 |     4 |    29 ||    45

Table legend: (Time is in decaauts)
 A = Elapsed time spent in this place.
 B = Non-inter-level travel time spent in this place.
 C = Inter-level travel time spent in this place.
 D = Time resting spent in this place.
 E = Time spent auto-exploring this place.
 F = Levels seen in this place.
 G = Mean time per level.
                   A        B        C        D        E       F      G
               +--------+--------+--------+--------+--------+-----+--------+
         Total |    715 |    665 |     50 |    267 |      0 |   1 |  715.0 |
       Dungeon |    715 |    665 |     50 |    267 |      0 |   1 |  715.0 |
               +--------+--------+--------+--------+--------+-----+--------+

Top non-repeatable levels by time:
       D: 715 daAuts
